Map: Eternal Empire LE

Players

Osiris

  • Race: Terran Terran
  • League: Diamond
  • Spawn Location: 1:00

A.I. 1 (Very Easy) - Winner!

  • Race: Zerg Zerg
  • Spawn Location: 7:00

VOD

Have the link to the VOD?

Description

Time

  • Played on: April 9, 2020, 5:26 p.m.
  • Length: 11:32
Show
View Real Time Build Order
Export as new Build Order

Osiris Terran 

Build Orders: Reaper Expand 

Get SALT Encoding   

  12  0:01  SCV  
  13  0:13  SCV  
  14  0:17  Supply Depot  
  14  0:26  SCV  
  15  0:38  SCV  
  15  0:39  Barracks  
  16  0:44  Refinery  
  16  0:50  SCV  
  17  1:02  SCV  
  18  1:14  SCV  
  19  1:26  Reaper  
  19  1:27  Orbital Command  
  20  1:40  Command Center  
  20  1:49  Supply Depot  
  20  1:53  SCV  
  21  1:58  Marine  
  22  2:05  SCV  
  23  2:13  Factory  
  23  2:17  SCV  
  23  2:22  Barracks Reactor  
  24  2:29  SCV  
  25  2:41  SCV  
  26  2:45  Command Center  
  26  2:52  Orbital Command  
  26  2:53  SCV  
  27  3:04  Starport  
  27  3:07  SCV  
  27  3:10  Hellion  
  30  3:17  Refinery  
  30  3:19  SCV  
  31  3:21  Hellion  
  31  3:23  SCV  
  31  3:25  Barracks Tech Lab  
  34  3:31  SCV  
  35  3:34  Hellion  
  35  3:35  SCV  
  38  3:41  Viking  
  38  3:43  SCV  
  38  3:47  SCV  
  42  3:52  Hellion  
  42  3:54  Marine  
  45  3:55  SCV  
  46  4:03  Stimpack  
  46  4:06  SCV  
  47  4:10  Orbital Command  
  47  4:11  SCV  
  47  4:12  Marauder  
  50  4:18  SCV  
  50  4:22  Starport Reactor  
  50  4:23  SCV  
  52  4:25  Barracks  
  52  4:26  Factory Tech Lab  
  52  4:30  SCV, Barracks  
  53  4:35  Supply Depot, Marine  
  53  4:36  Supply Depot  
  53  4:37  SCV  
  56  4:38  SCV  
  56  4:43  SCV  
  56  4:44  Siege Tank  
  60  4:49  SCV  
  61  4:57  Engineering Bay, SCV x2  
  63  5:00  Engineering Bay  
  63  5:01  SCV  
  63  5:02  Marine  
  63  5:03  Refinery  
  63  5:04  Refinery  
  65  5:09  SCV x2  
  65  5:13  SCV  
  68  5:14  Starport Reactor  
  68  5:17  Marine x2  
  72  5:21  SCV x2  
  72  5:24  Terran Infantry Weapons Level 1  
  72  5:25  Terran Infantry Armor Level 1  
  72  5:26  Orbital Command  
  72  5:28  Supply Depot  
  72  5:31  SCV  
  72  5:32  Supply Depot  
  72  5:33  Marine x3  
  77  5:35  SCV  
  77  5:43  Marine x2  
  77  5:45  SCV  
  77  5:46  Barracks  
  77  5:48  Barracks  
  77  5:49  SCV  
  81  5:50  Combat Shield  
  81  5:52  Medivac  
  81  5:53  Marine x2  
  81  5:54  Marine  
  81  5:56  Medivac  
  88  6:02  SCV  
  88  6:03  SCV  
  90  6:05  Supply Depot, Marine  
  90  6:06  Supply Depot, Marine  
  90  6:11  Siege Tank  
  95  6:14  SCV  
  95  6:15  SCV  
  95  6:16  Marine x3  
  100  6:24  Marine  
  101  6:25  Supply Depot  
  101  6:27  Marine  
  101  6:28  Armory, SCV x2  
  104  6:38  SCV  
  105  6:40  SCV  
  105  6:41  Supply Depot  
  105  6:43  Siege Tank, Supply Depot, Barracks Reactor  
  105  6:45  Barracks Reactor  
  105  6:47  Marine x4  
  109  6:48  SCV, Refinery  
  109  6:53  SCV x2, Supply Depot  
  116  6:54  Supply Depot  
  116  6:55  Marine  
  116  6:56  Medivac  
  119  7:03  SCV  
  119  7:05  SCV  
  121  7:08  Marine  
  121  7:09  Marine x3  
  121  7:10  Supply Depot  
  121  7:12  Marine  
  126  7:19  Terran Infantry Weapons Level 2  
  126  7:26  Marine, Terran Infantry Armor Level 2  
  126  7:28  Marine x6, Barracks  
  126  7:29  Marine, Barracks  
  134  7:30  Supply Depot, Barracks  
  134  7:37  Marine  
  134  7:38  Siege Tank  
  138  7:44  Marine, Terran Vehicle Weapons Level 1  
  138  7:46  Marine  
  138  7:47  Marine x6  
  146  7:55  Medivac, Marine  
  149  7:59  Medivac  
  149  8:02  Refinery  
  149  8:03  Supply Depot, Marine  
  149  8:04  Marine x2  
  149  8:05  Marine  
  155  8:07  Concussive Shells  
  155  8:10  Marine x4  
  159  8:15  Supply Depot  
  159  8:16  Supply Depot x2, Barracks Reactor x2  
  159  8:17  Barracks Reactor  
  160  8:22  Marauder, Marine x2  
  160  8:23  Marine x2  
  166  8:30  Supply Depot  
  166  8:32  Supply Depot  
  166  8:33  Medivac  
  166  8:34  Medivac  
  169  8:35  Supply Depot, Marine x4  
  169  8:39  Siege Tank  
  176  8:45  Marine x3  
  176  8:46  Marine x2  
  181  8:55  Marine x9  
  182  8:56  Marine  
  191  9:03  Command Center  
  191  9:17  Marine  
  191  9:18  Marine x8  
  200  9:30  Factory  
  200  10:17  Factory Reactor  
  200  10:29  Command Center  
  200  10:37  Command Center  
  200  10:38  Command Center  
  200  10:49  Barracks x3  
  200  10:51  Barracks  
  200  10:53  Sensor Tower  
  200  10:57  Refinery  
  200  11:02  Refinery  
  200  11:08  Sensor Tower  
  200  11:14  Armory  
Show
View Real Time Build Order
Export as new Build Order

A.I. 1 (Very Easy) Zerg - Winner!

Build Orders: Pool First 

Get SALT Encoding   

  12  0:00  Drone  
  13  0:12  Overlord  
  13  0:17  Drone  
  14  0:34  Spawning Pool  
  13  0:37  Drone  
  13  0:41  Extractor  
  13  0:44  Drone  
  14  0:52  Overlord  
  14  1:21  Zergling x2  
  14  1:22  Queen  
  17  1:29  Roach Warren  
  16  1:33  Drone  
  16  1:37  Extractor  
  16  1:41  Drone, Zergling x2  
  18  1:54  Drone  
  19  2:01  Zergling x2  
  19  2:05  Drone  
  21  2:16  Drone  
  22  2:26  Drone  
  22  2:28  Overlord  
  23  2:33  Drone  
  24  2:41  Drone  
  25  3:55  Zergling x2  
  25  6:01  Drone, Lair  
  26  6:08  Drone  
  27  6:15  Drone  
  28  6:22  Drone  
  28  6:24  Overlord  
  29  6:30  Drone  
  30  6:36  Zergling x2  
  28  6:58  Overseer  
  28  7:01  Zergling x2  
  29  7:02  Overseer  
  29  7:04  Spire  
  29  7:05  Drone  
  29  7:16  Hatchery  
  29  7:17  Drone  
  29  7:25  Zergling x2  
  30  8:17  Mutalisk  
  32  8:29  Drone  
  33  8:36  Drone, Extractor  
  33  8:40  Extractor  
  32  8:43  Drone  
  33  8:50  Drone  
  34  8:57  Drone  
  35  9:04  Drone  
  36  9:12  Drone  
  37  9:19  Drone  
  38  9:26  Drone  
  39  9:33  Drone  
  40  9:40  Drone  
  41  9:47  Drone  
  42  9:54  Drone  
  43  10:02  Drone  
  44  10:09  Drone  
  44  10:11  Overlord  
  45  10:17  Drone, Queen  
  45  10:18  Zergling x2  
  43  10:24  Drone  
  35  10:31  Drone  
  31  10:37  Overseer  
  31  10:38  Overlord  
  31  10:39  Drone  
  28  10:42  Zergling x2  
  28  10:46  Drone  
  26  10:54  Drone  
  23  10:59  Overseer, Overlord  
  23  11:01  Drone  
  20  11:07  Zergling x2  
  20  11:08  Drone  
Tags
 
Add a new tag
Caveats
  • Supply blocks, unpowered buildings, or Contaminate may cause inaccurate times.
  • Supply counts are checked every 10 seconds.